 Dungeon Sprint DCSS version 0.31-a0-18-gea43df2a32 (webtiles) character file.

Game seed: 2657749967165998869

863 sircluck the Grappler (level 7, -2/81 HPs)
             Began as a Troll Berserker on May 10, 2023.
             Was a Priest of Trog.
             Slain by a boulder beetle (15 damage)
             ... in the Dungeon (Sprint II: "The Violet Keep of Menkaure").
             The game lasted 00:01:04 (193 turns).

sircluck the Grappler (Troll Berserker)              Turns: 193, Time: 00:01:05

Health: -2/81      AC:  3    Str: 28    XL:     7   Next: 72%
Magic:  6/6        EV: 11    Int:  3    God:    Trog [***...]
Gold:   729        SH:  0    Dex:  7    Spells: 6/6 levels left

rFire   . .          .
                       - Unarmed
rCold   . . .        (no shield)
rNeg    . . .        a - +0 animal skin
rPois   .            (helmet restricted)
rElec   .            (no cloak)
rCorr   .            (gloves unavailable)
SInv    .            (boots unavailable)
Will    .....        (no amulet)
Stlth   +            (no ring)
HPRegen 1.13/turn    (no ring)
MPRegen 0.10/turn

%: no teleportation
@: on berserk cooldown, slowed, very slow
A: large, unfitting armour, claws 3, regeneration 1, shaggy fur 1, tough skin 1,
clumsy 1, deformed body
a: Renounce Religion, Berserk, Trog's Hand


You were in the Dungeon.
You worshipped Trog.
Trog was most pleased with you.
You visited 1 branch You collected 729 gold pieces.

Inventory:

Armour
 a - a +0 animal skin (worn)
Scrolls
 g - a scroll of blinking
Potions
 b - a potion of curing
 c - a potion of heal wounds
 d - a potion of haste
 e - 2 potions of magic
 f - a potion of berserk rage


   Skills:
 + Level 8.4 Fighting
 + Level 8.0 Dodging
 + Level 11.4 Unarmed Combat


You had 6 spell levels left.
You didn't know any spells.
Your spell library was empty.

Dungeon Overview and Level Annotations

Branches:
Dungeon (1/1)

Altars:


Innate Abilities, Weirdness & Mutations

You are too large for most types of armour.
You have claws for hands.
Your natural rate of healing is unusually fast.
You are covered in fur. (AC +1)
You have tough skin. (AC +1)
You are clumsy. (Dex -2)
Armour fits poorly on your strangely shaped body.


Message History

You start waiting.
You feel yourself speed up.
You start waiting.
You recover from your berserk rage.
You open the door. 2 boulder beetles come into view.
Found 243 gold pieces.
A red film seems to cover your vision as you go berserk!
You feel yourself moving faster!
You feel mighty!
The boulder beetle leaps! x2
You feel a strong urge to attack something.
There is an open door here.
You feel your anger nearly subside.
There is a staircase leading out of the dungeon here.
You scratch the boulder beetle.
The boulder beetle is lightly wounded.
The boulder beetle misses you.
You mangle the boulder beetle!!
The boulder beetle is moderately wounded.
You claw the boulder beetle!
The boulder beetle is heavily wounded.
The boulder beetle curls into a ball and begins rolling!
You scratch the boulder beetle.
The boulder beetle is heavily wounded.
You are no longer berserk.
You are exhausted.
You feel yourself slow down.
You scratch the boulder beetle but do no damage.
The boulder beetle is heavily wounded.
The boulder beetle bites you!! The boulder beetle hits you.
The boulder beetle stops rolling and uncurls.
The boulder beetle completely misses you.
The boulder beetle attacks as you move away!
The boulder beetle bites you! x2; The boulder beetle bites you.
* * * LOW HITPOINT WARNING * * *
The boulder beetle attacks as you move away!
The boulder beetle bites you!
* * * LOW HITPOINT WARNING * * *
The boulder beetle attacks as you move away!
The boulder beetle bites you!
You die...

##+# ##..###
#..##.#
####†#.####
##.###†###.##
#...##.##...#
#'@B.')#
#..$##B##...#
##.###'###.##
####...####
#..##.#
####.## +##


You could see 2 boulder beetles.

Vanquished Creatures
  A merfolk siren (D)
  4 neqoxecs (D)
  3 worms (D)
8 creatures vanquished.

Notes
Turn   | Place    | Note
-------+----------+-------------------------------------------
     0 | D        | sircluck the Troll Berserker began the quest for the Orb.
     0 | D        | Reached XP level 1. HP: 22/22 MP: 0/0
    20 | D        | Reached ** piety under Trog
    21 | D        | Reached skill level 4 in Unarmed Combat
    21 | D        | Reached XP level 2. HP: 12/31 MP: 1/1
    70 | D        | Noticed a merfolk siren
    84 | D        | Killed a merfolk siren
    85 | D        | Reached skill level 9 in Unarmed Combat
    85 | D        | Reached XP level 3. HP: 12/45 MP: 2/2
    85 | D        | Reached XP level 4. HP: 14/53 MP: 3/3
    85 | D        | Reached XP level 5. HP: 16/61 MP: 4/4
    85 | D        | Reached XP level 6. HP: 18/68 MP: 5/5
   123 | D        | Noticed a neqoxec
   123 | D        | Noticed a neqoxec
   123 | D        | Noticed a neqoxec
   123 | D        | Noticed a neqoxec
   127 | D        | Killed a neqoxec
   127 | D        | Gained mutation: Armour fits poorly on your strangely
                  | shaped body. [a neqoxec]
   129 | D        | Gained mutation: You are clumsy. (Dex -2) [a neqoxec]
   131 | D        | Killed a neqoxec
   131 | D        | Reached *** piety under Trog
   132 | D        | Reached skill level 10 in Unarmed Combat
   132 | D        | Reached XP level 7. HP: 79/79 MP: 6/6
   137 | D        | Killed a neqoxec
   138 | D        | Reached skill level 11 in Unarmed Combat
   146 | D        | Killed a neqoxec
   182 | D        | Noticed a boulder beetle
   182 | D        | Noticed a boulder beetle
   193 | D        | Slain by a boulder beetle

Illustrated notes

Levels and vault maps discovered:
D:        the_violet_keep_of_menkaure [sprint2_stairs_cluster_1,
          sprint2_shoproom, sprint2_temple, sprint2_basic_supplies,
          sprint2_obstacle_2, sprint2_obstacle_4, sprint2_obstacle_3,
          sprint2_obstacle_6, sprint2_obstacle_7, sprint2_timed_cluster_1,
          sprint2_smallroom_cluster_1, sprint2_smallroom_final_cluster_1,
          sprint2_transparent_cluster_1, sprint2_second_timed_cluster_1,
          sprint2_sniper_area_1, sprint2_heavy_combat_area_1,
          sprint2_mutation_trap_area_1, sprint2_forest_area_1,
          sprint2_light_combat_area_1, sprint2_behind_water_1,
          sprint2_near_end_vault_1]

Skill      XL: |  1  2  3  4  5  6  7 |
---------------+----------------------+-----
Fighting       | 3 6 7 8 |  8.4
Dodging        | 3 6 7 8 |  8.0
Unarmed Combat | 4 9 10 11 | 11.4

Action                     |  1- 3 |  4- 6 |  7- 9 || total
---------------------------+-------+-------+-------++-------
  Melee: Unarmed           |    25 |     7 |    19 ||    51
         Punch             |       |     1 |       ||     1
 Invoke: Berserk           |     2 |     1 |     1 ||     4
  Dodge: Dodged            |     8 |       |     5 ||    13

Table legend: (Time is in decaauts)
 A = Elapsed time spent in this place.
 B = Non-inter-level travel time spent in this place.
 C = Inter-level travel time spent in this place.
 D = Time resting spent in this place.
 E = Time spent auto-exploring this place.
 F = Levels seen in this place.
 G = Mean time per level.
                   A        B        C        D        E       F      G
               +--------+--------+--------+--------+--------+-----+--------+
         Total |    203 |    188 |     15 |    102 |      1 |   1 |  203.0 |
       Dungeon |    203 |    188 |     15 |    102 |      1 |   1 |  203.0 |
               +--------+--------+--------+--------+--------+-----+--------+

Top non-repeatable levels by time:
       D: 203 daAuts
